 Dungeon Crawl Stone Soup version 0.29.1-12-g30fa7ad0bf (webtiles) character file.

Game seed: 14369856218419311976

21 cdecastro the Cudgeller (level 2, -2/29 HPs)
             Began as an Ogre Warper on Dec 15, 2022.
             Killed by divine providence
             ... invoked by an orc priest
              (15 damage)
             ... on level 2 of the Dungeon.
             The game lasted 00:02:40 (1437 turns).

cdecastro the Cudgeller (Ogre Warper)               Turns: 1437, Time: 00:02:40

Health: -2/29      AC:  7    Str: 14    XL:     2   Next: 83%
Magic:  5/5        EV:  9    Int: 14    God:
Gold:   36         SH:  0    Dex:  8    Spells: 3/5 levels left

rFire   . . .      SeeInvis .   a - +0 mace
rCold   . . .      Faith    .   (no shield)
rNeg    . . .      Spirit   .   b - +0 robe
rPois   .          Reflect  .   (helmet restricted)
rElec   .          Harm     .   (no cloak)
rCorr   .          Rampage  .   (gloves unavailable)
Will    .....                   (boots unavailable)
Stlth   +.........              (no amulet)
HPRegen 0.09/turn               f - +4 ring of protection
MPRegen 0.09/turn               (no ring)

@: no status effects
A: large, unfitting armour, tough skin 1
a: no special abilities


You were on level 2 of the Dungeon.
You visited 1 branch of the dungeon, and saw 2 of its levels.

You collected 36 gold pieces.

Inventory:

Hand Weapons
 a - a +0 mace (weapon)
Missiles
 d - 7 boomerangs of dispersal (quivered)
Armour
 b - a +0 robe (worn)
Jewellery
 f - a +4 ring of protection (left hand)
Scrolls
 c - 2 scrolls of blinking
 e - a scroll of immolation {unknown}
 g - a scroll of identify {unknown}
Potions
 h - a potion of berserk rage {unknown}


   Skills:
 - Level 2.6 Fighting
 + Level 3.0 Maces & Flails
 - Level 1.0 Throwing
 - Level 2.1 Dodging
 - Level 2.4 Spellcasting
 - Level 2.6 Translocations


You had 3 spell levels left.
You knew the following spells:

 Your Spells              Type           Power      Damage    Failure   Level
a - Blink                 Tloc           18%        N/A       12%         2

Your spell library contained the following spells:

 Spells                   Type           Power      Damage    Failure   Level
 Gell's Gravitas          Tloc           9%         N/A       22%         3
 Lesser Beckoning         Tloc           9%         N/A       22%         3
 Teleport Other           Tloc           9%         N/A       22%         3
 Manifold Assault         Tloc           9%         N/A       91%         5


Dungeon Overview and Level Annotations

Branches:
Dungeon (2/15)

Altars:

Shops:
D:1 ?


Innate Abilities, Weirdness & Mutations

You are too large for most types of armour.
You have tough skin. (AC +1)


Message History

You barely miss the hobgoblin.
The hobgoblin is lightly wounded.
The hobgoblin shouts!
The hobgoblin hits you. The hobgoblin completely misses you.
You hit the hobgoblin.
The hobgoblin is almost dead.
An orc comes into view. It is wielding a +0 dagger.
The hobgoblin hits you but does no damage.
You hit the hobgoblin but do no damage.
The hobgoblin is almost dead.
The hobgoblin hits you but does no damage.
You closely miss the hobgoblin.
The hobgoblin is almost dead.
An orc priest comes into view. It is wielding a +0 war axe.
An orc comes into view. It is wielding a +0 hand axe.
The hobgoblin hits you.
An orc priest comes into view. It is wielding a +0 dagger of venom.
The hobgoblin attacks as you move away!
The hobgoblin hits you but does no damage.
The hobgoblin attacks as you move away!
The hobgoblin hits you but does no damage.
The hobgoblin attacks as you move away!
The hobgoblin hits you but does no damage.
The hobgoblin falls through a shaft!
The shaft crumbles and collapses.
There is a stone staircase leading up here.
You closely miss the hobgoblin. The hobgoblin hits you.
You sock the hobgoblin!
You kill the hobgoblin!
Your Maces & Flails skill increases to level 3!
The orc priest shouts!
You hit the orc but do no damage.
You hear a shout! x2
The orc priest invokes the aid of Beogh against you.
Beogh smites you!
* * * LOW HITPOINT WARNING * * *
The orc closely misses you.
The orc priest invokes the aid of Beogh against you.
Beogh smites you!
Ouch! That really hurt!
You die...

######## # #......#
##### #.#
###.####.###...#..#.
#...@o..o..o......o.
#.###......o........
#...#####.......
#.#.# ....o?. ...#.#
....o.. #.###.#
.#..... #. #.#
.##.... # #.. ..
...# #.# .# ..#


You could see an orc priest and 3 orcs.

Vanquished Creatures
  2 endoplasms (D:1)
  A giant cockroach (D:1)
  A goblin (D:1)
  4 hobgoblins
  A quokka (D:1)
  4 ball pythons
  2 bats (D:1)
  2 frilled lizards (D:1)
  A kobold (D:1)
  A rat (D:1)
19 creatures vanquished.

Notes
Turn   | Place    | Note
-------+----------+-------------------------------------------
     0 | D:1      | cdecastro the Ogre Warper began the quest for the Orb.
     0 | D:1      | Reached XP level 1. HP: 22/22 MP: 3/3
   276 | D:1      | Reached skill level 2 in Maces & Flails
   648 | D:1      | Reached XP level 2. HP: 29/29 MP: 5/5
   693 | D:1      | Found Lackud's Magic Scroll Shop.
   848 | D:1      | Learned a level 2 spell: Blink
  1351 | D:1      | Found a faded altar of an unknown god.
  1436 | D:2      | Reached skill level 3 in Maces & Flails
  1437 | D:2      | Killed from afar by an orc priest

Illustrated notes

Levels and vault maps discovered:
D:1:      onia_arrival_pentagram, layout_loops_corners, serial_shops, shop,
          shapermc_ecumenical_altar_mp_urbaneastern, st_stairs_11
D:2:      layout_loops_ring, basic_altar

Skill      XL: |  1  2 |
---------------+-------+-----
Maces & Flails | 2 3 |  3.0
Fighting       | |  2.6
Throwing       | |  1.0
Dodging        | |  2.1
Spellcasting   | |  2.4
Translocations | |  2.6

Action                   || total
-------------------------++-------
Melee: Mace              ||    79
 Stab: Sleeping          ||     1
Armor: Robe              ||    41
Dodge: Dodged            ||    43
